Cogmind - Beta 10.2 @@@ ROGUE MODE // 2020.12.25 @ 22:49:51 Player: Wakanaka Result: Destroyed by G-34 Mercenary with Small Laser Performance ------------- Evolutions (0) 0 Regions Visited (1) 200 Robots Destroyed (26) 130 Value Destroyed (761) 761 Prototype IDs (0) 0 Alien Tech Used (0) 0 Bonus (0) 0 TOTAL SCORE: 1091 Bonus ------- None Cogmind --------- Core Integrity 0/250 Matter 225/300 Energy 70/100 System Corruption 7% Temperature Cool (6) Movement Walking (150) Ox1 Location -10/Materials Parts ------- > --- POWER (1) -------- (None) > --- PROPULSION (2) --- Aluminum Leg > --- UTILITY (2) ------ Large Storage Unit ECM Suite > --- WEAPON (2) ------- Medium Laser > --- INVENTORY (10) --- Heat Sink Structural Scanner Terrain Scanner Seismic Analyzer Weapon Shielding Hardened Light Armor Plating Peak State ------------ > --- POWER ------------ Ion Engine > --- PROPULSION ------- Aluminum Leg Aluminum Leg > --- UTILITY ---------- Large Storage Unit Visual Processing Unit > --- WEAPON ----------- EM Pulse Gun Grenade Launcher > --- INVENTORY -------- Heat Sink Structural Scanner Terrain Scanner Seismic Analyzer Salvage Targeting Computer ECM Suite Weapon Shielding Hardened Light Armor Plating Medium Laser [Rating: 9] Favorites ----------- Power Light Ion Engine Engine Light Ion Engine Propulsion Aluminum Leg Leg Aluminum Leg Wheel Wheel Utility Medium Storage Unit Device Heat Sink Storage Medium Storage Unit Processor Signal Interpreter Protection Weapon Shielding Weapon Grenade Launcher Energy Gun Medium Laser Ballistic Gun Light Assault Rifle Launcher Grenade Launcher Build | -11 -10 ------- Run | Scr Mat Slots Evolved . | . . Power . | . . Propulsion . | . . Utility . | . . Weapon . | . . Parts Attached 37 | 8 29 Power 5 | 2 3 Engine 5 | 2 3 Core . | . . Reactor . | . . Propulsion 9 | 4 5 Treads . | . . Leg 8 | 3 5 Wheel 1 | 1 . Hover . | . . Flight . | . . Utility 13 | . 13 Device 3 | . 3 Storage 6 | . 6 Processor 3 | . 3 Hackware . | . . Protection 1 | . 1 Artifact . | . . Weapon 10 | 2 8 Energy Gun 6 | 1 5 Energy Cannon . | . . Ballistic Gun 1 | 1 . Ballistic Cannon . | . . Launcher 3 | . 3 Special Weapon . | . . Impact Weapon . | . . Slashing Weapon . | . . Piercing Weapon . | . . Special Melee Weapon . | . . Unidentified Prototypes . | . . Parts Lost 9 | . 9 Power 2 | . 2 Propulsion 3 | . 3 Utility 1 | . 1 Weapon 3 | . 3 Highest Loss Streak 4 | . 4 Average Slot Usage (%) 88 | . 88 Engine 13 | . 13 Leg 27 | . 27 Device 3 | . 3 Storage 17 | . 17 Protection 1 | . 1 Energy Gun 8 | . 8 Launcher 14 | . 14 Naked Turns . | . . Heaviest Build 27 | 6 27 Greatest Support 20 | 20 20 Greatest Overweight (x) 4 | . 4 Average Overweight (x) . | . . Largest Inventory Capacity 10 | 4 10 Average Capacity 6 | 4 6 Most Carried 10 | 4 10 Average Carried 4 | 2 4 Final Capacity 10 | 4 10 Final Carried 6 | 2 6 Class Distribution -------------------- 97% | Mutant Dominant Class ---------------- Mutant | -10/Materials Resources | -11 -10 ----------- Run | Scr Mat Matter Collected 930 | 290 640 Remotely . | . . Salvage Created 643 | 48 595 Parts 40 | 4 36 Haulers Intercepted . | . . Recyclers Shooed . | . . Parts Field Recycled . | . . Retrieved Matter . | . . Parts Self-Destructed . | . . Prevented . | . . Kills | -11 -10 ------- Run | Scr Mat Combat Hostiles Destroyed 16 | 1 15 Guns 5 | 1 4 AOE 11 | . 11 Classes Destroyed 6 | 2 4 Worker 2 | 1 1 Builder 2 | . 2 Recycler 1 | . 1 Operator 2 | . 2 Watcher 3 | . 3 Grunt 16 | 1 15 Best Kill Streak 4 | 1 4 Combat Bots Only 4 | 1 4 Max Kills in Single Turn 2 | 1 2 Gunslinging . | . . Exploded 2 | . 2 Melee . | . . Uniques/NPCs Destroyed . | . . Combat | -11 -10 -------- Run | Scr Mat Damage Taken 1199 | 24 1175 Core 250 | . 250 Absorbed by Shields . | . . Core Remaining (%) 100 | 100 . Volleys Fired 62 | 10 52 Largest 2 | 2 2 Hottest 115 | 70 115 Shots Fired 95 | 18 77 Gun 69 | 18 51 Cannon . | . . Launcher 26 | . 26 Special . | . . Kinetic 10 | 10 . Thermal 35 | 8 27 Explosive 26 | . 26 Electromagnetic 24 | . 24 Robot Hit Streak 7 | 5 7 Robot Miss Streak 5 | 3 5 Penetration Max . | . . Secondary Targets 1 | . 1 Max Gunslinging Chain 1 | . 1 Shots Hit Robots 53 | 12 41 Core Hits 46 | 6 40 Critical Hits . | . . Critical Kills . | . . Critical Parts Destroyed . | . . Melee Attacks . | . . Impact . | . . Slashing . | . . Piercing . | . . Sneak Attacks . | . . Combat Hostiles . | . . Follow-up Attacks . | . . Damage Inflicted 1791 | 111 1680 Guns 547 | 111 436 Cannons . | . . Explosions 1244 | . 1244 Melee . | . . Ramming . | . . Kinetic 61 | 61 . Thermal 457 | 50 407 Explosive 1044 | . 1044 Electromagnetic 229 | . 229 Impact . | . . Slashing . | . . Piercing . | . . Highest Corruption 7 | . 7 Average Corruption 7 | . 7 Corruption Purged . | . . Effects 12 | . 12 Message Errors 1 | . 1 Matter Fused 4 | . 4 Heat Flow Errors 4 | . 4 Parts Rejected 1 | . 1 Targeting Errors 2 | . 2 Overload Shots . | . . Overflow Damage 111 | . 111 Projectiles . | . . Explosions 111 | . 111 Melee . | . . Knockbacks . | . . Impact . | . . Kinetic . | . . Secondary . | . . Self-Inflicted Damage 208 | . 208 Shots 6 | . 6 Rammed . | . . Targets Rammed . | . . Kicked . | . . Crushed . | . . Highest Temperature 576 | 100 576 Average Temperature 146 | 42 162 Received Heat Transfer 360 | 12 348 Effects 14 | . 14 Shutdowns 3 | . 3 Energy Bleed 3 | . 3 Interference 3 | . 3 Short Circuit 3 | . 3 Damage (minor) 1 | . 1 Damage (core) 1 | . 1 Siege Activations . | . . Robots Corrupted . | . . Combat Hostiles . | . . Parts Fried 2 | . 2 Impact Corruptions . | . . Robots Melted . | . . Combat Hostiles . | . . Parts Melted 2 | . 2 Heat Transferred 953 | 148 805 Parts Sabotaged . | . . Parts Stolen . | . . Parts Stripped . | . . Power Chain Reactions 3 | . 3 Missiles Intercepted . | . . Alert | -11 -10 ------- Run | Scr Mat Peak Influence 224 | 25 224 Initial 16 | . 16 Average 88 | 15 105 Maximum Alert Level 1 | . 1 Low Security (%) 96 | 100 95 Level 1 3 | . 4 Level 2 . | . . Level 3 . | . . Level 4 . | . . Level 5 . | . . High Security . | . . Max Security . | . . Squads Dispatched 6 | . 6 Investigation 5 | . 5 Extermination . | . . Reinforcement 1 | . 1 Assault . | . . Garrison . | . . Intercept . | . . Construction Impeded . | . . Haulers Reinforced . | . . Stealth | -11 -10 --------- Run | Scr Mat Distress Signals 2 | . 2 Communications Jammed . | . . Distress Signals . | . . Times Spotted 30 | 1 29 Peak Tracking Total 5 | 1 5 Tactical Retreats 1 | . 1 Traps | -11 -10 ------- Run | Scr Mat Traps Triggered 4 | . 4 Indirectly . | . . Trap Hack Attempts . | . . Triggered . | . . Disarmed . | . . Reprogrammed . | . . Reused . | . . Traps Extracted . | . . Installed . | . . Triggered . | . . Machines | -11 -10 ---------- Run | Scr Mat Machines Disabled 8 | . 8 Max in Single Turn 2 | . 2 Machines Sabotaged . | . . Garrisons Compromised . | . . Overloaded Fab Kills . | . . Fab Network Shutdowns . | . . Hacking | -11 -10 --------- Run | Scr Mat Machines Accessed 4 | . 4 Terminals 4 | . 4 Fabricators . | . . Repair Stations . | . . Recycling Units . | . . Scanalyzers . | . . Garrison Access . | . . Total Hacks 17 | . 17 Successful 9 | . 9 Failed 8 | . 8 Catastrophic 1 | . 1 Database Lockouts . | . . Manual . | . . Terminals 17 | . 17 Fabricators . | . . Repair Stations . | . . Recycling Units . | . . Scanalyzers . | . . Garrison Access . | . . Terminal Hacks 9 | . 9 Record 4 | . 4 Alert Level 2 | . 2 Dispatch Records 1 | . 1 Patrol Status 1 | . 1 Zone Layout 1 | . 1 Fabricator Hacks . | . . Repair Station Hacks . | . . Recycling Unit Hacks . | . . Scanalyzer . | . . Garrison Access Hacks . | . . Unauthorized Hacks . | . . Terminals . | . . Fabricators . | . . Repair Stations . | . . Recycling Units . | . . Scanalyzers . | . . Garrison Access . | . . Data Cores Recovered . | . . Used . | . . Hacking Detections 4 | . 4 Full Trace Events 3 | . 3 Feedback Events . | . . Feedback Blocked . | . . Robot Schematics Acquired . | . . Robots Built . | . . Matter . | . . Time . | . . Total Robot Build Rating . | . . Part Schematics Acquired . | . . Parts Built . | . . Matter . | . . Time . | . . Total Part Build Rating . | . . Parts Repaired . | . . Time . | . . Parts Recycled . | . . Recycled Matter . | . . Retrieved Matter . | . . Retrieved Components . | . . Parts Scanalyzed . | . . Part Schematics Acquired . | . . Parts Damaged . | . . Bothacking | -11 -10 ------------ Run | Scr Mat Used RIF Installer . | . . Robots Hacked . | . . Non-combat . | . . Combat . | . . Robot Hacks Applied . | . . Relay Couplers Released . | . . Robots Rewired . | . . Allies Hacked . | . . Hacks Repelled . | . . Allies | -11 -10 -------- Run | Scr Mat Total Allies . | . . Largest Group . | . . Highest-Rated Group . | . . Highest-Rated Ally . | . . Total Orders . | . . Ally Attacks . | . . Total Damage . | . . Kills . | . . Allies Corrupted . | . . Allies Melted . | . . Intel | -11 -10 ------- Run | Scr Mat Robot Analysis Total . | . . Derelict Logs Recovered . | . . Drone Launches . | . . Drone Recoveries . | . . Exploration | -11 -10 ------------- Run | Scr Mat Turns Passed 1727 | 322 1405 Spaces Moved 1166 | 246 920 Core 70 | 30 40 Treads . | . . Legs 1096 | 216 880 Wheels . | . . Hover . | . . Flight . | . . Fastest Speed 50 | 50 100 Average Speed 121 | 111 124 Slowest Speed 250 | 120 250 Overloaded Moves . | . . Propulsion Burnouts . | . . Robots Hopped . | . . Cave-ins Triggered 1 | . 1 Exploration Rate (%) 46 | 8 85 Regions Visited 1 Branch Regions . Pre-discovered Areas . | . . Known Exits Taken . | . . Unknown Exits Taken 1 | 1 . Scrap Searched . | . . Spaces Dug . | . . Terrain Destroyed 104 | . 104 Melee . | . . Projectile . | . . AOE 104 | . 104 Terrain Rammed . | . . Walls Destroyed . | . . Machines Disabled . | . . Actions | -11 -10 --------- Run | Scr Mat Total 1386 | 280 1106 Wait 45 | . 45 Move 1165 | 245 920 Hop . | . . Pick Up 49 | 11 38 Fast Attach . | . . Attach 19 | 7 12 Detach 2 | 2 . Swap 18 | 1 17 Drop 26 | 4 22 Fire 62 | 10 52 Melee . | . . Ram . | . . Kick . | . . Crush . | . . Escape Stasis . | . . Rewire . | . . Trap . | . . Miscellaneous . | . . Route ------- -11/Scrapyard -10/Materials (discovered 4 exits: [*Mat x3] / [*Min]) History --------- Turn | Location | Event 2 | -11/Scrapyard | Met Revision 17 66 | -11/Scrapyard | Discovered new exit (range 8) 323 | -11/Scrapyard | Entered Materials 324 | -10/Materials | Build established: Mutant 666 | -10/Materials | Discovered new exit (range 9) 1076 | -10/Materials | Core integrity fell below 50% 1209 | -10/Materials | Discovered new exit (range 9) 1375 | -10/Materials | Crushed by falling debris 1375 | -10/Materials | Core integrity fell below 20% 1406 | -10/Materials | Lost 4 parts (1p2n1u) 1425 | -10/Materials | Discovered new exit (range 15) 1618 | -10/Materials | Discovered new exit (range 16) 1698 | -10/Materials | Lost 3 parts (1p1n1w) 1728 | -10/Materials | Destroyed by G-34 Mercenary with Small Laser Last Messages --------------- U-05 Engineer lays Concrete. The unstable cave ceiling collapses. U-05 Engineer lays Concrete. U-05 Engineer builds a Wall. U-05 Engineer lays Concrete. The unstable cave ceiling collapses. U-05 Engineer lays Concrete. U-05 Engineer builds a Wall. Dropped Grenade Launcher. Dropped Salvage Targeting Computer. Connecting with Terminal... >>Alert(Check) Current Alert Level: Low Security U-05 Engineer lays Concrete. System corrupted: Matter fused (-10). U-05 Engineer lays Concrete. U-05 Engineer builds a Wall. U-05 Engineer lays Concrete. U-05 Engineer builds a Wall. [Achievement: First Step to Greatness] Map ----- +----------------------------------------------------+ | | | | | ??????????????????????????????????????? | | ??????????????????????????????????????? | | ??????????????????????????????????????? | | ??????????????????????????????????????? | | ??????#####???????????????????????????? | | ?????##"""##???#?#????????????????????? | | ????##"|||"##?????????????????????????? | | ????#"" ""#??#??????????????????????? | | ?##?# #?????????????????????????? | | ??### < ######?????#???????#####??? | | ???## ##"""#?????????????# #??? | | ????# Y"###?#?????????# < #??? | | ???#?# #?#?????????# #??? | | ?????## # # ##?????"????+ #??? | | ??????# # # #???????????# #??? | | ??????# # # #???????????# #??? | | ???#??# # #?########### ##?? | | ?????## u### #?# # ### | | #?#??# ##+######?# # % | | ???### ###### / | | ?#??#T] + # | | ????##! T ###### ! # ### | | ?????# "#???# ! =! ####### | | ??#??# @ T#???# !! #?????# | | ?????# "#???# #?????# | | ?????# ###??#= #?????# | | ?????# # ##?##########????## | | ?????####+### ## ######??????????# | | #????# # # !#??????????# | | ?????# =+ + ! #??????????# | | ?????# # # #??????????### | | ?????#!! Y"# ##########???????????## | | ?????#!! ""# # #####????????# | | ?????#!! # # "" + | | ?????######## g# """ #########??### | | ????????????# g + """ #???????????# | | ?????????#??# # #???????????# | | ????#########+#+# """ #???????????# | | ????# # """ #???????????# | | ????# T # """ #???????????# | | ????# """ # #???????????# | | ????# """ ##########???????????## | | ????# """ #?????????????????????? | | ????# #????????????????????## | | ????# #????????????????????# | | ??#########+#####????????????????????# | | ??# + #???????????????????????# | | ??# # ####????????????????????# | +----------------------------------------------------+ Best States ------------- Heat Dissipation 35 Energy Generation 10 Energy Capacity 325 Matter Stores 450 Matter Capacity 450 Sight Range 16 Terrain Scan Range 14 Terrain Scan Density 10 Weapon Shielding 33 Evasion (%) 50 Item Schematics ----------------- None Robot Schematics ------------------ None Fabricated ------------ Nothing Alien Tech Used ----------------- None Achievements -------------- First Step to Greatness One Hack Too Far Storm Trooper Uninvited Guest Unlikely Earthworm Challenges ------------ None Game ------ Seed HellfireUltimateBiocell Manual? 0 Play Time 00:54:51 Cumulative 1.8 hours Start 2020.12.25 @ 21:44:38 End 2020.12.25 @ 22:49:51 Sessions 1 Manual Loads 0 Difficulty Rogue Special Mode None Game No. 1 Rogue 1 Adventurer 0 Explorer 0 Win Type - Total 0 Types 0/0/0/0/0/0/0/0/0 Lore% 0 Gallery% 2 Achievement% 1 Wizard Run 0 Options --------- ASCII 0 Keyboard 0 Movement Arrows Keybinds 0 Fullscreen 1 Font 18/Terminus Map View 76x50 Tactical HUD 0 Map Filters NONE Filters NONE Steam 1 RUN: 5dd31a3f-6067-4074-b65c-729a9ec3a802